[Event "fics rated crazyhouse match"]
[Site "fics, Oklahoma City, OK USA"]
[Date "2000.01.29"]
[White "Lomboc"]
[WhiteElo "2232"]
[Black "JKiller"]
[BlackElo "2451"]
[TimeControl "60+0"]
[Result "1-0"]

1. e4 e6 2. Nc3 d6 3. d4 Nf6 4. Nf3 Be7 5. e5 Nd5 6. Nxd5 
exd5 7. Bd3 Nc6 8. N@h5 Bf8 9. Bg5 Qd7 10. Nxg7+ Bxg7 11. Bf6 Bxf6 
12. exf6 Qe6+ 13. Qe2 Rg8 14. Qxe6+ Bxe6 15. B@b5 B@d8 16. Bxc6+ bxc6 17. P@e7 
Bxe7 18. fxe7 B@f6 19. B@f8 N@f4 20. Q@h6 Nxg2+ 21. Kd1 P@e4 22. Qxf6 exd3 
23. Qxe6 Q@e2+ 24. Qxe2 dxe2+ 25. Kc1 B@g4 26. N@f6# 
{JKiller checkmated} 1-0

[Event "fics rated crazyhouse match"]
[Site "fics, Oklahoma City, OK USA"]
[Date "2000.01.29"]
[White "JKiller"]
[WhiteElo "2439"]
[Black "Lomboc"]
[BlackElo "2244"]
[TimeControl "60+0"]
[Result "1-0"]

1. e4 e5 2. Nf3 Nc6 3. Bc4 Nf6 4. Bxf7+ Kxf7 5. Ng5+ Ke7 6. Nc3 
d6 7. Nd5+ Nxd5 8. exd5 B@f6 9. N@f7 Qe8 10. dxc6 bxc6 11. Nxh8 Bxg5 
12. P@f7 Qxf7 13. Nxf7 Kxf7 14. N@h8# 
{Lomboc resigns} 1-0

[Event "fics rated crazyhouse match"]
[Site "fics, Oklahoma City, OK USA"]
[Date "2000.01.29"]
[White "Lomboc"]
[WhiteElo "2240"]
[Black "JKiller"]
[BlackElo "2443"]
[TimeControl "60+0"]
[Result "0-1"]

1. e4 e6 2. Nc3 d6 3. d4 Nf6 4. Nf3 Be7 5. Bb5+ Bd7 6. Bxd7+ 
Nbxd7 7. d5 B@h5 8. dxe6 fxe6 9. P@f5 P@f7 10. fxe6 fxe6 11. P@f5 exf5 
12. exf5 O-O 13. B@e6+ P@f7 14. Bb3 P@e4 15. Nxe4 Nxe4 16. P@e2 Nxf2 17. Kxf2 
Bh4+ 18. P@g3 N@e4+ 19. Kf1 Bxg3 20. hxg3 Nxg3+ 21. Kg1 Nxh1 22. Kxh1 Bxf3 
23. exf3 N@f2+ 24. Kh2 Qh4+ 25. Kg1 R@h1# 
{Lomboc checkmated} 0-1

[Event "fics rated crazyhouse match"]
[Site "fics, Oklahoma City, OK USA"]
[Date "2000.01.29"]
[White "JKiller"]
[WhiteElo "2447"]
[Black "Lomboc"]
[BlackElo "2236"]
[TimeControl "60+0"]
[Result "1-0"]

1. e4 Nf6 2. Nc3 d5 3. exd5 Nxd5 4. d4 e6 5. Nf3 Nc6 6. Bd3 
Bd7 7. O-O Ncb4 8. Be4 Be7 9. Re1 O-O 10. P@h6 gxh6 11. Bxh6 P@g7 
12. Bxg7 Kxg7 13. Bxd5 Nxd5 14. Nxd5 exd5 15. N@h5+ Kg8 16. N@h6# 
{Lomboc resigns} 1-0

[Event "fics rated crazyhouse match"]
[Site "fics, Oklahoma City, OK USA"]
[Date "2000.01.29"]
[White "Lomboc"]
[WhiteElo "2232"]
[Black "JKiller"]
[BlackElo "2451"]
[TimeControl "60+0"]
[Result "1-0"]

1. e3 e5 2. d4 exd4 3. exd4 d5 4. Nf3 Nc6 5. Bb5 Bb4+ 6. c3 
Qe7+ 7. P@e5 P@g4 8. Ng1 Ba5 9. Be2 h5 10. h3 gxh3 11. Nxh3 h4 
12. Bg5 P@f6 13. exf6 gxf6 14. P@g7 Rh7 15. Bf4 Rxg7 16. Nd2 Rxg2 17. Kf1 
Rg7 18. Rg1 Rxg1+ 19. Kxg1 R@g7+ 20. P@g4 P@g3 21. R@e3 P@e4 22. fxg3 P@g5 
23. Bxg5 hxg3 24. Bh6 P@f2+ 25. Kg2 Nxh6 26. Rxg3 Nxg4 27. P@h7 Ne3+ 28. Kxf2 
{JKiller forfeits on time} 1-0

[Event "fics rated crazyhouse match"]
[Site "fics, Oklahoma City, OK USA"]
[Date "2000.01.29"]
[White "JKiller"]
[WhiteElo "2439"]
[Black "Lomboc"]
[BlackElo "2244"]
[TimeControl "60+0"]
[Result "1-0"]

1. e4 d5 2. exd5 Qxd5 3. d4 Qd8 4. Nc3 Nf6 5. Nf3 e6 6. Bd3 
Be7 7. O-O Nc6 8. Re1 O-O 9. P@g5 Nd5 10. Nxd5 Qxd5 11. Bxh7+ Kxh7 
12. Ne5 Nxe5 13. Rxe5 Qxg2+ 14. Kxg2 N@h4+ 15. Kh3 B@g2+ 16. Kxh4 N@g6+ 17. Kg3 
Nxe5 18. dxe5 P@h3 19. Qh5+ P@h6 20. Q@d3+ f5 21. exf6+ R@f5 22. Qxf5+ exf5 
23. P@g6+ Kg8 24. f7+ Rxf7 25. gxf7+ Kh8 26. R@g8# 
{Lomboc resigns} 1-0

[Event "fics rated crazyhouse match"]
[Site "fics, Oklahoma City, OK USA"]
[Date "2000.01.29"]
[White "Lomboc"]
[WhiteElo "2240"]
[Black "JKiller"]
[BlackElo "2443"]
[TimeControl "60+0"]
[Result "0-1"]

1. e4 e6 2. Nc3 d6 3. d4 Nf6 4. Nf3 Be7 5. Bb5+ Bd7 6. Bxd7+ 
Nbxd7 7. O-O O-O 8. e5 Nd5 9. Nxd5 exd5 10. B@h3 B@e4 11. Bxd7 Qxd7 
12. N@g5 Bxg5 13. Nxg5 Bxg2 14. Kxg2 N@h4+ 15. Kg3 N@f5+ 16. Kf4 B@h6 17. N@h3 
dxe5+ 18. dxe5 P@f6 19. B@g4 fxg5+ 20. Nxg5 Bxg5+ 21. Kxg5 h6+ 22. Kf4 g5# 
{Lomboc checkmated} 0-1

[Event "fics rated crazyhouse match"]
[Site "fics, Oklahoma City, OK USA"]
[Date "2000.01.29"]
[White "JKiller"]
[WhiteElo "2447"]
[Black "Lomboc"]
[BlackElo "2236"]
[TimeControl "60+0"]
[Result "1-0"]

1. e4 e6 2. Nc3 d5 3. exd5 exd5 4. Bb5+ c6 5. Qe2+ P@e6 6. Ba4 
Nf6 7. d4 Bb4 8. Bf4 Na6 9. Qxa6 bxa6 10. Bxc6+ Bd7 11. Bxa8 Bxc3+ 
12. bxc3 O-O 13. B@a3 Qxa8 14. P@e7 Re8 15. R@f8+ Rxf8 16. exf8=Q+ Qxf8 17. Bxf8 
Kxf8 18. Q@d8+ R@e8 19. P@e7+ Kg8 20. R@f8+ Rxf8 21. exf8=Q# 
{Lomboc checkmated} 1-0

[Event "fics rated crazyhouse match"]
[Site "fics, Oklahoma City, OK USA"]
[Date "2000.01.29"]
[White "Lomboc"]
[WhiteElo "2232"]
[Black "JKiller"]
[BlackElo "2451"]
[TimeControl "60+0"]
[Result "0-1"]

1. e4 e6 2. Nc3 d6 3. d4 Nf6 4. Nf3 Be7 5. Be3 O-O 6. Bd3 
Nc6 7. O-O e5 8. dxe5 Nxe5 9. Nxe5 dxe5 10. N@f5 Bxf5 11. exf5 P@f4 
12. Bc1 N@h4 13. f3 Bc5+ 14. P@f2 N@d4 15. B@h3 c6 16. a3 Qe7 17. Ne2 
Ndxf3+ 18. gxf3 Nxf3+ 19. Kh1 Ng5 20. Ng1 Nxh3 21. Nxh3 B@g4 22. Qxg4 Nxg4 
23. B@g2 P@g3 24. N@e4 Nxh2 25. f6 Nxf1 26. N@f3 gxf6 27. Nxc5 P@g7 28. B@e4 
gxf2 
{Lomboc forfeits on time} 0-1

[Event "fics rated crazyhouse match"]
[Site "fics, Oklahoma City, OK USA"]
[Date "2000.01.29"]
[White "JKiller"]
[WhiteElo "2455"]
[Black "Lomboc"]
[BlackElo "2228"]
[TimeControl "60+0"]
[Result "1-0"]

1. e4 e6 2. d4 d5 3. exd5 Nf6 4. dxe6 Bxe6 5. Nf3 Bb4+ 6. Nc3 
Bxc3+ 7. bxc3 Ne4 8. P@b2 Nxf2 9. Kxf2 N@g4+ 10. Ke1 P@e4 11. Ng5 P@f6 
12. Nxe6 fxe6 13. Qxg4 Qe7 14. Qxe4 Nc6 15. Bb5 O-O 16. B@h5 f5 17. Qe2 
e5 18. B@d5+ N@f7 19. Bhxf7+ Rxf7 20. Bxf7+ Qxf7 21. N@g5 Qg6 22. P@f7+ Kf8 
23. R@g8+ Ke7 24. N@d5+ Kd7 25. Bxc6+ Qxc6 26. N@c5+ Qxc5 27. dxc5 B@h4+ 28. Kd1 
Bxg5 29. Q@e6+ Kxe6 30. Qxe5+ Kxe5 
{Lomboc forfeits on time} 1-0

[Event "fics rated crazyhouse match"]
[Site "fics, Oklahoma City, OK USA"]
[Date "2000.01.29"]
[White "Lomboc"]
[WhiteElo "2225"]
[Black "JKiller"]
[BlackElo "2458"]
[TimeControl "60+0"]
[Result "0-1"]

1. e4 e6 2. Nc3 d6 3. d4 Nf6 4. Nf3 Be7 5. e5 Nd5 6. Nxd5 
exd5 7. Bb5+ Bd7 8. Bxd7+ Nxd7 9. O-O B@h5 10. B@g3 N@f5 11. N@f4 Bxf3 
12. Qxf3 Nxd4 13. Qd3 Nxe5 14. Qxd4 N@f3+ 15. Kh1 Nxd4 16. Nxd5 P@f3 17. gxf3 
P@g2+ 18. Kxg2 Ndxf3 19. B@h3 P@g4 20. Bxg4 Nxg4 21. Kxf3 B@h5 22. Ke2 Ne5+ 
23. f3 Q@g2+ 24. Rf2 Bxf3+ 25. Ke1 Qxf2+ 26. Kxf2 R@g2+ 27. Ke3 Bg5+ 28. P@f4 
Re2+ 29. Kd4 c5+ 30. Kc3 P@b4+ 31. Kb3 Bxd5+ 32. Ka4 N@b6+ 33. Ka5 Nbc4+ 
34. Ka4 Qa5+ 35. Kb3 Nd2# 
{Lomboc checkmated} 0-1

[Event "fics rated crazyhouse match"]
[Site "fics, Oklahoma City, OK USA"]
[Date "2000.01.29"]
[White "JKiller"]
[WhiteElo "2461"]
[Black "Lomboc"]
[BlackElo "2222"]
[TimeControl "60+0"]
[Result "1-0"]

1. e4 d5 2. exd5 Nf6 3. d4 Nxd5 4. Nf3 e6 5. Be2 Nc6 6. O-O 
Bb4 7. c4 Nf6 8. a3 Be7 9. P@g5 Ne4 10. Nc3 Nxg5 11. Nxg5 Bxg5 
12. Bxg5 Qxg5 13. B@e3 P@f4 14. N@h3 Qf5 15. Nxf4 B@h6 16. Nh5 O-O 17. Bxh6 
gxh6 18. Bd3 Qg5 19. B@f6 Qa5 20. b4 Qxh5 21. Qxh5 P@g7 22. Qxh6 N@e8 
23. Qxh7# 
{Lomboc checkmated} 1-0

[Event "fics rated crazyhouse match"]
[Site "fics, Oklahoma City, OK USA"]
[Date "2000.01.29"]
[White "Lomboc"]
[WhiteElo "2219"]
[Black "JKiller"]
[BlackElo "2464"]
[TimeControl "60+0"]
[Result "1-0"]

1. e4 e6 2. Nc3 d6 3. d4 Nf6 4. d5 Be7 5. dxe6 Bxe6 6. Nf3 
O-O 7. Bd3 Nc6 8. O-O Bg4 9. h3 Bxf3 10. Qxf3 Ne5 11. Qg3 Nh5 
12. Qh2 N@f3+ 13. gxf3 Nxf3+ 14. Kh1 Nxh2 15. Kxh2 P@f3 16. Rg1 P@g2 17. B@g4 
Nf6 18. Bxf3 d5 19. exd5 Nxd5 20. Bxd5 Bd6+ 21. P@g3 P@g4 22. hxg4 Qh4+ 
23. P@h3 Bxg3+ 24. fxg3 P@f2 25. Be3 fxg1=Q+ 26. Rxg1 R@h1+ 27. Rxh1 gxh1=Q+ 28. Bxh1 
Qf6 29. R@f4 Qxf4 30. gxf4 R@e6 31. B@d4 Rxe3 32. N@h6+ Kh8 33. Q@g8+ Rxg8 
34. Nxf7# 
{JKiller checkmated} 1-0

[Event "fics rated crazyhouse match"]
[Site "fics, Oklahoma City, OK USA"]
[Date "2000.01.29"]
[White "JKiller"]
[WhiteElo "2451"]
[Black "Lomboc"]
[BlackElo "2232"]
[TimeControl "60+0"]
[Result "1-0"]

1. e4 d6 2. d4 e6 3. Nc3 Nd7 4. Nf3 Be7 5. Bd3 Ngf6 6. e5 
Nd5 7. Nxd5 exd5 8. N@h5 Rg8 9. Bxh7 Rh8 10. Nxg7+ Kf8 11. Bh6 Rxh7 
12. Ne6+ Ke8 13. Nxd8 Kxd8 14. Q@g8+ N@f8 15. Bxf8 Bxf8 16. Qxh7 B@g6 17. Qh4+ 
Ke8 18. R@d8# 
{Lomboc checkmated} 1-0

[Event "fics rated crazyhouse match"]
[Site "fics, Oklahoma City, OK USA"]
[Date "2000.01.29"]
[White "Lomboc"]
[WhiteElo "2228"]
[Black "JKiller"]
[BlackElo "2455"]
[TimeControl "60+0"]
[Result "1-0"]

1. e4 e6 2. Nc3 d6 3. d4 Nf6 4. e5 dxe5 5. dxe5 Qxd1+ 6. Nxd1 
Ng4 7. Nf3 P@e4 8. Ng5 Nxe5 9. Nxe4 Bd7 10. P@f6 Bc6 11. fxg7 Bxg7 
12. Ndc3 P@e7 13. P@h6 Bf6 14. Nxf6+ exf6 15. P@g7 Rg8 16. Q@h8 N@e7 17. B@e4 
Bxe4 18. Nxe4 Nbd7 19. Qxh7 Q@b4+ 20. Nc3 P@d4 21. a3 Qxc3+ 22. bxc3 dxc3 
23. B@e3 P@d2+ 24. Bcxd2 cxd2+ 25. Bxd2 O-O-O 26. Qxg8 Rxg8 27. R@d3 Nxd3+ 28. Bxd3 
N@e5 29. h7 Nxd3+ 30. cxd3 R@e2+ 31. Kxe2 Rd8 32. g8=Q Nxg8 33. hxg8=Q Rxg8 
34. N@e7+ Kd8 35. N@c6+ Ke8 36. Q@d8# 
{JKiller checkmated} 1-0

[Event "fics rated crazyhouse match"]
[Site "fics, Oklahoma City, OK USA"]
[Date "2000.01.29"]
[White "JKiller"]
[WhiteElo "2442"]
[Black "Lomboc"]
[BlackElo "2241"]
[TimeControl "60+0"]
[Result "1-0"]

1. e4 e5 2. Nf3 d6 3. Bc4 Be7 4. O-O Nf6 5. Nc3 O-O 6. d4 
Nbd7 7. dxe5 dxe5 8. P@h6 gxh6 9. Bxh6 P@g7 10. Bxg7 Kxg7 11. Nxe5 Nxe5 
12. Qxd8 Bxd8 13. P@h6+ Kxh6 14. P@g5+ Kxg5 15. f4+ Kh6 16. Q@g5# 
{Lomboc checkmated} 1-0

[Event "fics rated crazyhouse match"]
[Site "fics, Oklahoma City, OK USA"]
[Date "2000.01.29"]
[White "Lomboc"]
[WhiteElo "2237"]
[Black "JKiller"]
[BlackElo "2446"]
[TimeControl "60+0"]
[Result "0-1"]

1. e4 e6 2. Nc3 d6 3. d4 Nf6 4. Nf3 Be7 5. Bg5 O-O 6. Bxf6 
Bxf6 7. e5 Be7 8. N@h5 B@g4 9. Nxg7 Kxg7 10. P@f6+ Bxf6 11. exf6+ Qxf6 
12. B@g5 Qxg5 13. Nxg5 Bxd1 14. Rxd1 B@f6 15. Nge4 Nd7 16. Nxf6 Nxf6 17. B@g5 
N@g4 18. B@h6+ Nxh6 19. Bxf6+ Kxf6 20. N@h5+ Ke7 21. Q@g5+ f6 22. Qxh6 Q@f7 
23. Bc4 N@f5 24. Qf4 B@g5 25. Qxf5 Qxh5 26. Bxe6 P@d2+ 27. Kf1 Qxd1+ 28. Nxd1 
R@e1# 
{Lomboc checkmated} 0-1

[Event "fics rated crazyhouse match"]
[Site "fics, Oklahoma City, OK USA"]
[Date "2000.01.29"]
[White "JKiller"]
[WhiteElo "2450"]
[Black "Lomboc"]
[BlackElo "2233"]
[TimeControl "60+0"]
[Result "0-1"]

1. e4 e6 2. d4 d5 3. exd5 exd5 4. Bb5+ c6 5. Qe2+ P@e6 6. Bf4 
Bd6 7. Bxd6 Qxd6 8. B@e5 Qf8 9. Bxb8 Rxb8 10. Bd3 B@c7 11. Nc3 Nf6 
12. P@g5 Nd7 13. Nf3 B@h5 14. N@f4 Bxf4 15. O-O Bxg5 16. Nxg5 Bxe2 17. Bxe2 
P@f6 18. Nf3 Qe7 19. Rfe1 O-O 20. Bd3 N@f4 21. Bf1 e5 22. B@g3 Nh5 
23. dxe5 Nxg3 24. hxg3 fxe5 25. B@h4 f6 26. Rad1 Nc5 27. Rxd5 cxd5 28. Nxd5 
Qf7 29. Bc4 P@e6 30. P@e7 Re8 31. N@d8 Qg6 32. P@f7+ Qxf7 33. Nxf7 Kxf7 
34. Q@f8+ Rxf8 35. exf8=Q+ Kxf8 36. P@e7+ Kf7 37. R@f8+ Kg6 38. e8=Q+ Kh6 39. Qh5+ 
Kxh5 40. g4+ Kxg4 41. Nh2+ Kf5 42. Nxf6 Kg6 43. g4 Q@g2# 
{JKiller forfeits on time} 0-1

[Event "fics rated crazyhouse match"]
[Site "fics, Oklahoma City, OK USA"]
[Date "2000.01.29"]
[White "Lomboc"]
[WhiteElo "2245"]
[Black "JKiller"]
[BlackElo "2438"]
[TimeControl "60+0"]
[Result "0-1"]

1. e4 e6 2. d4 d6 3. d5 Nf6 4. Nc3 Be7 5. dxe6 fxe6 6. Nf3 
O-O 7. Bc4 Nc6 8. P@f5 P@f7 9. fxe6 Bxe6 10. Bxe6 Ne5 11. Bb3 Nxf3+ 
12. Qxf3 N@d4 13. Qd1 Nxb3 14. axb3 P@b4 15. P@g5 bxc3 16. gxf6 Bxf6 17. bxc3 
Bxc3+ 18. Bd2 Bxd2+ 19. Qxd2 P@c3 20. Qe2 P@d2+ 21. Kf1 N@d4 22. Qe3 B@e2+ 
23. Kg1 B@b6 24. Qg3 d1=Q+ 25. Rxd1 Bxd1 26. N@h6+ Kh8 27. Qxg7+ Kxg7 28. N@f5+ 
Kf6 29. B@h4+ Ke6 30. Nxd4+ Kd7 31. P@c6+ bxc6 
{Lomboc forfeits on time} 0-1

[Event "fics rated crazyhouse match"]
[Site "fics, Oklahoma City, OK USA"]
[Date "2000.01.29"]
[White "JKiller"]
[WhiteElo "2442"]
[Black "Lomboc"]
[BlackElo "2241"]
[TimeControl "60+0"]
[Result "1-0"]

1. e4 e6 2. d4 d5 3. exd5 exd5 4. Bb5+ c6 5. Qe2+ P@e6 6. Bd3 
Bd6 7. Nc3 Nd7 8. Nf3 Ne7 9. O-O Ng6 10. P@e5 Be7 11. Re1 O-O 
12. Be3 c5 13. dxc5 Bxc5 14. Bxc5 Nxc5 15. B@d6 B@e7 16. Bxe7 Qxe7 17. B@d6 
Qd7 18. Bxc5 Nf4 19. Qf1 P@e4 20. Bxe4 dxe4 21. Nxe4 B@d8 22. P@f6 gxf6 
23. exf6 B@h6 24. P@e7 Bc7 25. exf8=Q+ Bxf8 26. Bxf8 Kxf8 27. P@g7# 
{Lomboc resigns} 1-0

[Event "fics rated crazyhouse match"]
[Site "fics, Oklahoma City, OK USA"]
[Date "2000.01.29"]
[White "Lomboc"]
[WhiteElo "2237"]
[Black "JKiller"]
[BlackElo "2446"]
[TimeControl "60+0"]
[Result "0-1"]

1. e4 e6 2. Nc3 d6 3. d4 Nf6 4. Nf3 Be7 5. d5 O-O 6. Bc4 
e5 7. Be2 Nbd7 8. O-O Nc5 9. Bd3 Nxd3 10. cxd3 B@h5 11. N@g3 Bxf3 
12. Qxf3 Bg4 13. Qe3 N@c2 14. f3 Nxe3 15. Bxe3 Bd7 16. B@f5 Bxf5 17. Nxf5 
Re8 18. B@h6 Bf8 19. Bxg7 Bxg7 20. Bh6 B@f8 21. Bxg7 Bxg7 22. P@h6 Bf8 
23. B@g7 B@e7 24. Nxe7+ Bxe7 25. Bxf6 Bxf6 26. N@h5 B@b6+ 27. B@f2 Bxf2+ 28. Rxf2 
B@b6 29. Rf1 Bxf2+ 30. Rxf2 B@b6 31. B@e1 Q@e3 32. B@d2 Qxd2 
{Lomboc forfeits on time} 0-1

[Event "fics rated crazyhouse match"]
[Site "fics, Oklahoma City, OK USA"]
[Date "2000.01.29"]
[White "JKiller"]
[WhiteElo "2450"]
[Black "Lomboc"]
[BlackElo "2233"]
[TimeControl "60+0"]
[Result "1-0"]

1. e4 e6 2. Nc3 d5 3. exd5 exd5 4. Bb5+ c6 5. Qe2+ P@e6 6. Ba4 
Nd7 7. d4 Nb6 8. Bb3 Nf6 9. a4 Bb4 10. a5 Nbd7 11. Nf3 O-O 
12. Ne5 Ne4 13. Bd2 Nxd2 14. Qxd2 Bxc3 15. Qxc3 N@e4 16. Qe3 B@b4+ 17. P@c3 
Bxa5 18. Rxa5 Qxa5 19. B@b4 Qa1+ 20. B@d1 P@d2+ 21. Ke2 Nxe5 22. dxe5 N@c1+ 
23. Kf3 R@f5+ 24. N@f4 Qxb2 25. Bxf8 Kxf8 26. R@h8+ B@g8 27. h4 P@h5 28. g3 
Nxb3 29. Kg2 B@g4 30. Bxg4 hxg4 31. f3 B@h3+ 32. Rxh3 gxh3+ 33. Kxh3 Nxg3 
34. Kxg3 R@g1+ 35. Qxg1 Qxc3 36. Kh2 Qxf3 37. R@d8# 
{Lomboc forfeits on time} 1-0

[Event "fics rated crazyhouse match"]
[Site "fics, Oklahoma City, OK USA"]
[Date "2000.01.29"]
[White "Lomboc"]
[WhiteElo "2229"]
[Black "JKiller"]
[BlackElo "2454"]
[TimeControl "60+0"]
[Result "0-1"]

1. e4 e6 2. Nc3 d6 3. d4 Nf6 4. Nf3 Be7 5. Be3 O-O 6. Bd3 
Nc6 7. O-O e5 8. dxe5 Nxe5 9. Nxe5 dxe5 10. P@h6 gxh6 11. Bxh6 Ng4 
12. Bxf8 Qxf8 13. P@f3 Nxf2 14. Rxf2 P@e3 15. Rf1 N@f2 16. Qe2 B@b6 17. Nd5 
P@h3 18. Nxb6 hxg2 19. Rxf2 exf2+ 20. Kxg2 axb6 21. Qxf2 N@f4+ 22. Kg1 P@g2 
23. N@g3 Nh3+ 24. Kxg2 Nxf2 25. Kxf2 P@f4 26. Nf1 Bh3 27. P@g2 Bxg2 28. Kxg2 
Qg7+ 29. P@g4 h5 30. P@h3 hxg4 31. hxg4 R@h4 32. P@h3 Q@h7 33. N@g1 Rxh3 
34. Nxh3 Qxg4+ 35. fxg4 Qxh3# 
{Lomboc forfeits on time} 0-1

[Event "fics rated crazyhouse match"]
[Site "fics, Oklahoma City, OK USA"]
[Date "2000.01.29"]
[White "JKiller"]
[WhiteElo "2457"]
[Black "Lomboc"]
[BlackElo "2226"]
[TimeControl "60+0"]
[Result "0-1"]

1. e4 e6 2. Nc3 Nf6 3. e5 Nd5 4. d4 Nxc3 5. bxc3 d6 6. Nf3 
Nc6 7. Bd3 dxe5 8. Nxe5 Nxe5 9. dxe5 N@d5 10. c4 Bb4+ 11. P@d2 Nf4 
12. Bf1 P@c3 13. dxc3 Bxc3+ 14. P@d2 Bxa1 15. Qg4 Bxe5 16. N@f3 N@f6 17. Nxe5 
Nxg4 18. Nxg4 P@e2 19. Bxe2 Nxe2 20. N@h5 Nd4 21. Nxg7+ Kf8 22. O-O P@e2 
23. B@d3 B@f3 24. Nxe6+ Bxe6 25. P@g7+ Ke7 26. N@e5 exf1=Q+ 27. Bxf1 N@e2+ 28. Bxe2 
Nxe2+ 29. Kf1 Q@g1# 
{JKiller checkmated} 0-1

[Event "fics rated crazyhouse match"]
[Site "fics, Oklahoma City, OK USA"]
[Date "2000.01.29"]
[White "Lomboc"]
[WhiteElo "2239"]
[Black "JKiller"]
[BlackElo "2444"]
[TimeControl "60+0"]
[Result "1/2-1/2"]

1. e4 e6 2. Nc3 d6 3. d4 Nf6 4. Nf3 Be7 5. Bb5+ Bd7 6. Bxd7+ 
Nbxd7 7. O-O B@h5 8. B@e2 O-O 9. e5 Bxf3 10. exf6 Bxg2 11. fxe7 Qxe7 
12. Kxg2 f5 13. Kg1 P@h3 14. N@f4 P@g4 15. Bxg4 fxg4 16. Qxg4 B@f5 17. Qg3 
Nf6 18. B@h4 N@h5 19. Nxh5 Nxh5 20. Qe3 Qxh4 21. P@g3 Qe7 22. B@f3 B@g4 
23. Bxb7 d5 24. f3 Bxf3 25. Rxf3 P@g4 26. Rf1 N@f3+ 27. Kf2 Nxh2 28. Rg1 
Nf3 29. Rf1 h2 30. P@g2 Ng1 31. Ke1 P@f4 32. Qf2 fxg3 33. Qe2 P@f2+ 
34. Kd1 h1=Q 35. N@h6+ gxh6 36. B@f7+ Rxf7 37. Bd2 Nxe2 38. Kxe2 Qxf1+ 39. Kxf1 
Q@g1+ 40. Ke2 R@e3+ 41. Kxe3 
{Game drawn because both players ran out of time} 1/2-1/2

[Event "fics rated crazyhouse match"]
[Site "fics, Oklahoma City, OK USA"]
[Date "2000.01.29"]
[White "JKiller"]
[WhiteElo "2440"]
[Black "Lomboc"]
[BlackElo "2243"]
[TimeControl "60+0"]
[Result "0-1"]

1. e4 e5 2. Nf3 Nc6 3. Bc4 d6 4. O-O Nf6 5. d4 exd4 6. Bxf7+ 
Kxf7 7. Ng5+ Ke7 8. P@d5 Nb8 9. Qxd4 P@h6 10. e5 hxg5 11. exf6+ gxf6 
12. Bxg5 Bg7 13. P@e5 Nd7 14. N@f5+ Kf8 15. Qg4 Nxe5 16. Qe2 Bxf5 17. P@h6 
fxg5 18. hxg7+ Kxg7 19. B@c3 N@f4 20. Bxe5+ dxe5 21. Qxe5+ P@f6 22. Qxf5 N@e2+ 
23. Kh1 P@h3 24. N@h5+ Kf7 25. Qxh3 Nxh3 26. P@e6+ Ke7 27. B@d6+ Qxd6 28. Ng3 
Qxg3 29. hxg3 Q@g1+ 30. Rxg1 Nxf2+ 31. Kh2 N@g4# 
{JKiller checkmated} 0-1

[Event "fics rated crazyhouse match"]
[Site "fics, Oklahoma City, OK USA"]
[Date "2000.01.29"]
[White "Lomboc"]
[WhiteElo "2255"]
[Black "JKiller"]
[BlackElo "2428"]
[TimeControl "60+0"]
[Result "0-1"]

1. e4 e6 2. Nc3 d6 3. d4 Nf6 4. Nf3 Be7 5. Bb5+ Bd7 6. Bxd7+ 
Nbxd7 7. h3 B@h5 8. O-O O-O 9. Bg5 c5 10. dxc5 Nxc5 11. Bxf6 Bxf6 
12. P@g4 Bg6 13. B@e3 Bxc3 14. bxc3 Nxe4 15. B@h5 Nxc3 16. Qd4 Ne2+ 17. Kh1 
Nxd4 18. Bxd4 P@e5 19. Be3 e4 20. Nd4 e5 21. Nf5 Bxf5 22. gxf5 P@f3 
23. gxf3 P@g2+ 24. Kh2 gxf1=Q 25. Rxf1 R@g2+ 26. Kxg2 N@h4+ 27. Kg3 Q@g2# 
{Lomboc checkmated} 0-1

[Event "fics rated crazyhouse match"]
[Site "fics, Oklahoma City, OK USA"]
[Date "2000.01.29"]
[White "JKiller"]
[WhiteElo "2432"]
[Black "Lomboc"]
[BlackElo "2251"]
[TimeControl "60+0"]
[Result "1-0"]

1. e4 e6 2. d4 d5 3. exd5 exd5 4. Bb5+ c6 5. Qe2+ P@e6 6. Bd3 
Bb4+ 7. c3 Bd6 8. Nf3 Nd7 9. Bg5 f6 10. Bh4 Qe7 11. Nbd2 Nh6 
12. P@g5 fxg5 13. Bxg5 P@f6 14. Bxh6 gxh6 15. P@e5 fxe5 16. dxe5 Bc5 17. P@d6 
Qf7 18. N@c7+ Kf8 19. Nxa8 b6 20. Nc7 B@d8 21. R@e8+ Qxe8 22. Nxe8 Kxe8 
23. Q@g7 Rf8 24. Qxh6 N@f4 25. P@g7 Rg8 26. Qxf4 P@f6 27. exf6 Bxf6 28. P@f7+ 
Kxf7 29. N@h6+ Kxg7 30. Nxg8 Kxg8 31. Bxh7+ Kxh7 32. Ng5# 
{Lomboc forfeits on time} 1-0

[Event "fics rated crazyhouse match"]
[Site "fics, Oklahoma City, OK USA"]
[Date "2000.01.29"]
[White "Lomboc"]
[WhiteElo "2247"]
[Black "JKiller"]
[BlackElo "2436"]
[TimeControl "60+0"]
[Result "0-1"]

1. e4 e6 2. d4 d6 3. Nc3 Nf6 4. Nf3 Be7 5. Bg5 O-O 6. Bd3 
Nc6 7. O-O e5 8. dxe5 Nxe5 9. Nxe5 dxe5 10. Bxf6 Bxf6 11. N@h5 B@e7 
12. N@d5 N@f4 13. Ndxf4 exf4 14. Nxf4 Be5 15. P@g3 Bxf4 16. gxf4 P@h3 17. gxh3 
Bxh3 18. N@f5 Bxf5 19. exf5 N@h3+ 20. Kh1 P@g2+ 21. Kxg2 Nxf4+ 22. Kf3 Qd6 
23. Ne4 N@h4+ 24. Ke3 N@c4+ 25. Bxc4 Nfg2+ 26. Ke2 P@f3# 
{Lomboc checkmated} 0-1

[Event "fics rated crazyhouse match"]
[Site "fics, Oklahoma City, OK USA"]
[Date "2000.01.29"]
[White "JKiller"]
[WhiteElo "2440"]
[Black "Lomboc"]
[BlackElo "2243"]
[TimeControl "60+0"]
[Result "1-0"]

1. e4 e6 2. d4 d5 3. exd5 exd5 4. Bb5+ P@c6 5. Qe2+ Qe7 6. Nc3 
Qxe2+ 7. Ngxe2 cxb5 8. Nxd5 B@a5+ 9. Bd2 Bxd2+ 10. Kxd2 B@a5+ 11. B@c3 b4 
12. Q@e5+ Q@e6 13. Nxc7+ Bxc7 14. Qxc7 bxc3+ 15. Nxc3 N@d5 16. Nxd5 Nc6 17. Rae1 
B@a5+ 18. Qxa5 Nxa5 19. Rxe6+ Bxe6 20. N@c7+ Kd7 21. B@b5+ R@c6 22. Nxe6 fxe6 
23. Q@c7+ Ke8 24. P@f7# 
{Lomboc checkmated} 1-0

[Event "fics rated crazyhouse match"]
[Site "fics, Oklahoma City, OK USA"]
[Date "2000.01.29"]
[White "Lomboc"]
[WhiteElo "2239"]
[Black "JKiller"]
[BlackElo "2444"]
[TimeControl "60+0"]
[Result "0-1"]

1. e4 e6 2. Nc3 Nc6 3. d4 Bb4 4. Nf3 Nf6 5. Bd3 d5 6. e5 
Ne4 7. Bd2 Nxf2 8. Kxf2 Nxd4 9. Rf1 Bc5 10. N@e3 P@f4 11. Kg1 fxe3 
12. Bxe3 Nxf3+ 13. Qxf3 Bxe3+ 14. Qxe3 N@g4 15. Qf3 Nxe5 16. Qg3 B@d4+ 17. P@e3 
Bxc3 18. bxc3 Nxd3 19. cxd3 N@e2+ 20. Kh1 Nxg3+ 21. hxg3 P@e2 22. Rfe1 N@f2+ 
23. Kg1 Ng4 24. B@h2 P@f2+ 25. Kh1 fxe1=Q+ 26. Rxe1 R@f1+ 27. Bg1 Q@h2# 
{Lomboc checkmated} 0-1

[Event "fics rated crazyhouse match"]
[Site "fics, Oklahoma City, OK USA"]
[Date "2000.01.29"]
[White "JKiller"]
[WhiteElo "2448"]
[Black "Lomboc"]
[BlackElo "2235"]
[TimeControl "60+0"]
[Result "1-0"]

1. e4 e6 2. d4 d5 3. exd5 exd5 4. Bb5+ c6 5. Qe2+ Be7 6. Ba4 
Nf6 7. Bf4 Na6 8. P@d6 P@e4 9. dxe7 Qxe7 10. B@d6 Qd7 11. Qxa6 bxa6 
12. N@c7+ Qxc7 13. Bxc7 O-O 14. Bxc6 N@b4 15. Na3 Nxc6 16. P@h6 gxh6 17. Bxh6 
P@g7 18. Bxg7 Kxg7 19. P@h6+ Kxh6 20. P@g5+ Kxg5 21. h4+ Kf5 22. Be5 Nxe5 
23. Q@g5+ Ke6 24. Qxe5+ Kd7 25. N@c5+ Kc6 26. Qxf6+ Be6 27. Nxe6 B@b4+ 28. B@c3 
fxe6 29. Qxe6+ B@d6 30. N@e5+ Kc7 31. Qd7+ Kb6 32. Qc6+ Ka5 33. Qxd6 Bxc3+ 
34. bxc3 
{Lomboc forfeits on time} 1-0

[Event "fics rated crazyhouse match"]
[Site "fics, Oklahoma City, OK USA"]
[Date "2000.01.29"]
[White "Lomboc"]
[WhiteElo "2231"]
[Black "JKiller"]
[BlackElo "2452"]
[TimeControl "60+0"]
[Result "1-0"]

1. d4 Nf6 2. Nc3 d5 3. e3 Bg4 4. Nf3 Nc6 5. Be2 e6 6. Ne5 
Bxe2 7. Nxe2 Bd6 8. B@a4 B@d7 9. Bxc6 bxc6 10. Nxd7 Nxd7 11. B@b7 B@b5 
12. N@c3 Bxe2 13. Qxe2 N@h4 14. Rg1 Bxh2 15. Rh1 Nxg2+ 16. Kd1 Nh4 17. Rxh2 
P@f3 18. Qe1 N@g2 19. Qg1 P@e2+ 20. Kd2 e1=Q+ 21. Qxe1 Nxe1 22. Kxe1 Ng2+ 
23. Rxg2 fxg2 24. N@g3 R@h1+ 25. Nxh1 Q@f1+ 26. Kd2 gxh1=Q 27. N@f6# 
{JKiller forfeits on time} 1-0